AoeStats
← dashuaibi

MegaRandom

507452042Analyzed
4v4 RM · 15d ago on Sep 18, 2026· 46m 54s· 8 players
Game mode
Random Map
Map size
Large (8 player)
Population
200
Speed
Normal
Resources
Standard
Victory
Conquest
Starting age
Dark Age
Ending age
Imperial Age
RankedLock teamsTeams togetherTeam positionsShared explorationLock speedFull tech treeHidden civsTurbo modeCheats
Victory
Defeat
🇹🇷 Berbers · Türkiye
1426
+14
🇦🇷 Hindustanis · Argentina
1404
+14
🇪🇸 Georgians · Spain
1402
+15
🇩🇪 Dravidians · Germany
1342
+17
🇨🇳 Huns · China
1393
-16
🇮🇳 Burgundians · India
1390
-16
🇻🇳 Spanish · Vietnam
1370
-15
🇻🇳 Cumans · Vietnam
1325
-13
snek_fan
0:51 Loom
12:46 Feudal Age
18:09 Castle Age
19:50 Scale Barding Armor
20:16 Cavalier
21:20 Husbandry
22:38 Chain Barding Armor
24:18 Husbandry
26:03 Double-Bit Axe
28:54 Wheelbarrow
30:38 Gold Mining
32:03 Horse Collar
32:42 Hand Cart
32:57 Forging
35:48 Bow Saw
42:11 Town Watch
dashuaibi
10:40 Feudal Age
11:07 Loom
13:48 Forging
21:15 Castle Age
20:26 Fletching
20:36 Padded Archer Armor
20:33 Double-Bit Axe
20:30 Horse Collar
22:41 Bodkin Arrow
24:46 Leather Archer Armor
25:49 Bow Saw
28:56 Ballistics
29:27 Heavy Plow
31:21 Thumb Ring
34:22 Gold Mining
34:24 Stone Mining
36:33 Gold Shaft Mining
36:49 Wheelbarrow
37:12 Husbandry
37:22 Bloodlines
40:15 Imperial Age
39:22 Hand Cart
38:56 Town Watch
39:19 Scale Barding Armor
41:34 Parthian Tactics
42:36 Two-Man Saw
41:59 Heavy Cavalry Archer
43:12 Masonry
44:03 Chemistry
43:15 Masonry
44:22 Conscription
46:51 Bracer
47:11 Chain Barding Armor
46:44 Elite Tarkan
47:26 Marauders
Phu Thuy
1:01 Loom
9:58 Feudal Age
10:32 Double-Bit Axe
16:52 Wheelbarrow
18:58 Horse Collar
20:23 Town Watch
23:33 Castle Age
21:51 Gold Mining
23:55 Bloodlines
23:53 Scale Barding Armor
25:05 Gold Shaft Mining
24:59 Chain Barding Armor
26:01 Forging
29:44 Iron Casting
36:32 Fletching
39:11 Bodkin Arrow
40:02 Padded Archer Armor
40:57 Hand Cart
45:34 Imperial Age
43:49 Leather Archer Armor
44:22 Ballistics
45:26 Bow Saw
45:38 Elite Kipchak
47:20 Ring Archer Armor
47:51 Chemistry
danganharmy
6:50 Loom
9:16 Feudal Age
11:01 Double-Bit Axe
29:30 Castle Age
28:33 Stone Mining
28:34 Gold Mining
30:12 Forging
29:33 Pikeman
37:44 Wheelbarrow
40:20 Bow Saw
40:00 Horse Collar
41:55 Hand Cart
eMamluk
8:11 Loom
10:26 Feudal Age
11:00 Double-Bit Axe
10:56 Horse Collar
17:51 Town Watch
21:33 Castle Age
20:54 Gold Mining
23:26 Pikeman
24:33 Fletching
26:16 Wheelbarrow
25:48 Bodkin Arrow
28:08 Husbandry
30:08 Forging
30:04 Scale Barding Armor
31:15 Scale Mail Armor
31:50 Iron Casting
34:36 Imperial Age
34:03 Padded Archer Armor
36:19 Chemistry
35:41 Ballistics
36:21 Elite Elephant Archer
38:12 Bracer
38:48 Leather Archer Armor
39:48 Ballistics
42:30 Heavy Plow
42:42 Bow Saw
43:21 Thumb Ring
45:15 Hand Cart
46:46 Ring Archer Armor
PolishedPoo
7:47 Loom
10:47 Feudal Age
11:48 Feudal Age
15:41 Castle Age
14:05 Double-Bit Axe
16:31 Bloodlines
24:43 Town Watch
27:15 Fletching
38:21 Bodkin Arrow
41:20 Horse Collar
42:03 Padded Archer Armor
45:47 Stone Mining
45:47 Gold Mining
46:08 Forging
PistonForjado
8:16 Loom
10:02 Feudal Age
11:23 Double-Bit Axe
13:57 Bloodlines
14:24 Forging
15:10 Scale Barding Armor
14:51 Horse Collar
21:07 Wheelbarrow
24:39 Castle Age
24:54 Gold Mining
25:20 Heavy Plow
25:33 Bow Saw
24:50 Light Cavalry
25:31 Husbandry
25:55 Chain Barding Armor
29:29 Iron Casting
29:42 Stone Mining
37:06 Imperial Age
37:19 Heavy Camel Rider
41:34 Plate Barding Armor
43:26 Town Watch
44:26 Hand Cart
46:32 Blast Furnace
Garabatov
7:13 Loom
9:13 Feudal Age
11:02 Double-Bit Axe
10:59 Horse Collar
15:02 Wheelbarrow
14:59 Scale Barding Armor
20:27 Castle Age
19:11 Fletching
20:23 Bloodlines
21:40 Bow Saw
23:12 Bodkin Arrow
27:52 Padded Archer Armor
29:37 Gold Mining
33:00 Leather Archer Armor
34:14 Hand Cart
37:37 Imperial Age
38:50 Parthian Tactics
38:39 Bracer
40:56 Chemistry
40:16 Ballistics
42:22 Town Watch
45:45 Siege Engineers
Connection lost

Rejoining the realm…

Still unreachable

The connection could not be restored.

Session expired

The server has moved on; the page needs a fresh start.